 Dungeon Crawl Stone Soup version 0.28.0-53-g5a82cb258f (webtiles) character file.

Game seed: 7723190708941428644

5916 pkoi the Zephyrmancer (level 10, -1/73 HPs)
             Began as a Demigod Air Elementalist on May 24, 2022.
             Shot with an arrow by a centaur (2 damage)
             ... on level 9 of the Dungeon.
             The game lasted 00:20:38 (17268 turns).

pkoi the Zephyrmancer (Demigod Air Elementalist)   Turns: 17268, Time: 00:20:38

Health: -1/73      AC:  7    Str: 12    XL:     10   Next: 29%
Magic:  15/19      EV: 11    Int: 35    God:
Gold:   433        SH:  0    Dex: 14    Spells: 3/17 levels left

rFire   + . .      SeeInvis .   m - +7 dagger of Imminent Death {protect, Fragile rC+ Str+3 Stlth+}
rCold   + + .      Faith    .   (no shield)
rNeg    . . .      Spirit   .   C - +0 troll leather armour
rPois   .          Reflect  .   (no helmet)
rElec   .          Harm     .   n - scarf {rC+ rF+}
rCorr   .          Rampage  .   (no gloves)
Will    +....                   h - +1 pair of boots
Stlth   +++.......              (no amulet)
HPRegen 1.02/turn               z - +6 ring of intelligence
MPRegen 0.16/turn               (no ring)

@: marked, flying (expiring), invisible
A: high MP 1, forlorn, divine attributes
a: no special abilities


You were on level 9 of the Dungeon.
You visited 1 branch of the dungeon, and saw 9 of its levels.
You also visited: Sewer.

You collected 443 gold pieces.
You spent 10 gold pieces at shops.

Inventory:

Hand Weapons
 d - a +0 dagger
 e - a +0 short sword
 l - a +3 dagger of freezing
 m - the +7 dagger of Imminent Death (weapon) {protect, Fragile rC+ Str+3 Stlth+}
   (You found it on level 2 of the Dungeon)

   It grants its wielder temporary protection when it strikes (+7 to AC).
   Str:       It affects your strength (+3).
   rC:        It protects you from cold.
   Fragile:   It will be destroyed if unequipped.
   Stlth:     It makes you more stealthy.
 o - a +0 antimagic dagger
Missiles
 g - 2 throwing nets
Armour
 a - a +0 robe
 h - a +1 pair of boots (worn)
 n - a scarf of resistance (worn)
 s - a +3 leather armour
 u - a +2 ring mail of poison resistance
 C - a +0 troll leather armour (worn)
Magical Staves
 F - a staff of poison
Jewellery
 q - a ring of ice
 z - a +6 ring of intelligence (left hand)
Wands
 r - a wand of paralysis (18)
 v - a wand of iceblast (13)
 E - a wand of flame (8)
 G - a wand of polymorph (5)
Scrolls
 b - 2 scrolls of blinking
 f - a scroll of enchant weapon
 p - a scroll of brand weapon
 y - 5 scrolls of teleportation
 D - a scroll of amnesia
Potions
 c - 4 potions of heal wounds {unknown}
 i - 2 potions of brilliance {unknown}
 j - 2 potions of berserk rage
 k - 3 potions of curing
 t - 2 potions of invisibility
 w - 3 potions of flight
 x - a potion of might
 A - a potion of attraction {unknown}
 B - 2 potions of mutation {unknown}


   Skills:
 - Level 2.0 Fighting
 - Level 6.0 Armour
 - Level 1.7 Dodging
 - Level 1.7 Stealth
 + Level 4.2 Spellcasting
 + Level 3.2 Conjurations
 + Level 3.0 Translocations
 + Level 11.3 Air Magic
 - Level 3.0 Evocations


You had 3 spell levels left.
You knew the following spells:

 Your Spells              Type           Power      Damage    Failure   Level
a - Shock                 Conj/Air       100%       1d9       1%          1
b - Static Discharge      Conj/Air       55%        N/A       1%          2
c - Swiftness             Air            72%        N/A       1%          3
d - Airstrike             Air            36%        N/A       1%          4
e - Iskenderun's Mystic   Conj/Tloc      29%        2d7       16%         4

Your spell library contained the following spells:

 Spells                   Type           Power      Damage    Failure   Level
 Gell's Gravitas          Tloc           28%        N/A       4%          3
 Lesser Beckoning         Tloc           28%        N/A       4%          3
 Teleport Other           Tloc           28%        N/A       4%          3
 Scorch                   Fire           14%        2d6       9%          2
 Dazzling Flash           Conj/Hex       36%        N/A       9%          3
 Flame Wave               Conj/Fire      18%        2d6       28%         4
 Animate Armour           Summ/Erth      14%        N/A       50%         4
 Blade Hands              Tmut           3%         N/A       83%         5
 Iron Shot                Conj/Erth      9%         9d3       99%         6
 Starburst                Conj/Fire      9%         6d5       99%         6
 Summon Cactus Giant      Summ           3%         N/A       100%        6


Dungeon Overview and Level Annotations

Branches:
Dungeon (9/15)             Temple (0/1) D:7           Sewer (visited)
   Lair: D:8-11         Orc: D:9-12

Shops:
D:5 [   D:7 *

Annotations:
D:7 exclusion: door


Innate Abilities, Weirdness & Mutations

You have an increased reservoir of magic. (+10% MP)
You shall have no god before yourself.
Your divine heritage dramatically boosts your attributes as you level up.


Message History

Casting: Static Discharge (safe; 1% risk of failure)
Confirm with . or Enter, or press ? or * to list all spells.
The orc warrior is struck by an arc of lightning!
The orc warrior is heavily wounded.
The lightning grounds out.
The centaur shoots an arrow.
The arrow hits you but does no damage. The orc warrior barely misses you.
The centaur shoots an arrow.
The arrow barely misses you.
Unknown command.
Unknown command.
Casting: Static Discharge (safe; 1% risk of failure)
Confirm with . or Enter, or press ? or * to list all spells.
The orc warrior is struck by an arc of lightning!
The orc warrior is almost dead.
You are struck by an arc of lightning.
* * * LOW HITPOINT WARNING * * *
The orc warrior is struck by an arc of lightning.
You kill the orc warrior!
You are struck by an arc of lightning.
* * * LOW HITPOINT WARNING * * *
The lightning grounds out.
The centaur shoots an arrow.
The arrow hits you.
* * * LOW HITPOINT WARNING * * *
Your Translocations skill increases to level 3!
Unknown command.
The centaur shoots an arrow.
The arrow hits you!
* * * LOW HITPOINT WARNING * * *
The arrow burns you.
* * * LOW HITPOINT WARNING * * *
Items here: ( ) [ †.
You are starting to lose your buoyancy.
The centaur shoots an arrow.
The arrow closely misses you.
The centaur shoots an arrow.
The arrow hits you!
* * * LOW HITPOINT WARNING * * *
The arrow burns you.
* * * LOW HITPOINT WARNING * * *
The centaur shoots an arrow.
The arrow hits you.
* * * LOW HITPOINT WARNING * * *
The centaur shoots an arrow.
The arrow hits you!
* * * LOW HITPOINT WARNING * * *
The arrow burns you.
You die...

.......#._.#...(...>.............
.......#...#......#.#..##..##.##.
[####..##.##......#.#..##......#.
.# ##c.#.#.........#.<.....#....
.# #..#.#.........#..........##
## #..#.#.#c......#..##......#
#.)#'#c#..................#
#..c...#.......#..........#
########...@...#.#...#.#..#
#..........#..........#
#....##.#<.#.#......#.#
#....##.#[.#.)......#.#
#....##.#..#.#........#
#....##.#..#.#.##.[...#
#....##....#...######.#
#....###...##### #.# ########...#
###


You could see a centaur.

Vanquished Creatures
  Joseph (D:8)
  Maggie (D:8)
  A troll (D:7)
  A wyvern (D:9)
  A wraith (D:9)
  10 yaks
  Grum (D:8)
  A steam dragon (D:8)
  2 water moccasins
  A necrophage (D:6)
  An orc warrior (D:9)
  2 ice beasts
  2 sky beasts
  4 wolves
  2 ogres
  2 centaurs
  A kobold brigand (D:7)
  2 bullfrogs (D:7)
  2 gnoll sergeants (D:6)
  A water moccasin zombie (D:5)
  3 scorpions
  4 wights (D:8)
  A bullfrog zombie (D:5)
  A centaur zombie (D:7)
  2 jellies
  3 orc priests (D:8)
  A hound (D:7)
  A bullfrog skeleton (D:5)
  Terence (D:2)
  7 orc wizards
  An iguana (D:4)
  A killer bee zombie (D:3)
  2 hound skeletons
  16 gnolls
  13 adders
  2 howler monkey skeletons
  4 river rats (Sewer)
  A shadow imp (D:5)
  An ufetubus (D:5)
  2 worms
  4 dart slugs
  11 orcs
  4 ball pythons
  6 endoplasms
  4 giant cockroaches
  4 goblins
  8 hobgoblins
  6 jackals
  7 kobolds
  12 quokkas
  3 bats
  3 frilled lizards
  13 rats
191 creatures vanquished.

Notes
Turn   | Place    | Note
-------+----------+-------------------------------------------
     0 | D:1      | pkoi the Demigod Air Elementalist began the quest for the
                  | Orb.
     0 | D:1      | Reached XP level 1. HP: 14/14 MP: 5/5
   334 | D:1      | Reached skill level 3 in Air Magic
   675 | D:1      | Reached XP level 2. HP: 22/22 MP: 4/7
   859 | D:1      | Reached skill level 1 in Fighting
  1495 | D:2      | Reached XP level 3. HP: 9/28 MP: 1/8
  2068 | D:2      | Noticed a scorpion
  2080 | D:2      | Killed a scorpion
  2081 | D:2      | Reached skill level 4 in Air Magic
  2081 | D:2      | Reached XP level 4. HP: 31/36 MP: 0/9
  2163 | D:2      | Learned a level 2 spell: Static Discharge
  2167 | D:2      | Learned a level 3 spell: Swiftness
  2500 | D:2      | Noticed Terence
  2642 | D:2      | Killed Terence
  2643 | D:2      | Reached skill level 5 in Air Magic
  2643 | D:2      | Reached XP level 5. HP: 14/41 MP: 0/10
  3177 | D:2      | Identified the +7 dagger of Imminent Death {protect,
                  | Fragile rC+ Str+3 Stlth+}
  3281 | D:3      | Noticed an ogre
  3292 | D:3      | Killed an ogre
  3782 | D:3      | Reached skill level 6 in Air Magic
  3782 | D:3      | Reached XP level 6. HP: 47/48 MP: 0/11
  5827 | D:4      | Reached skill level 1 in Armour
  6699 | D:5      | Entered Level 5 of the Dungeon
  6885 | D:5      | Reached skill level 1 in Evocations
  6885 | D:5      | Reached XP level 7. HP: 41/55 MP: 5/13
  7203 | D:5      | Reached skill level 7 in Air Magic
  7455 | D:5      | Found Cuisath's Armour Boutique.
  9197 | D:6      | Learned a level 4 spell: Airstrike
  9283 | D:6      | Found a glowing drain.
  9293 | Sewer    | Entered a sewer
  9740 | D:6      | Reached XP level 8. HP: 61/61 MP: 9/15
 10163 | D:6      | Reached skill level 8 in Air Magic
 11471 | D:7      | Found Reracs's General Store.
 11478 | D:7      | Bought a scroll of noise for 10 gold pieces
 11847 | D:7      | Reached skill level 9 in Air Magic
 12227 | D:7      | Found a staircase to the Ecumenical Temple.
 12413 | D:7      | Noticed a troll
 12433 | D:7      | Killed a troll
 12575 | D:7      | Noticed a rime drake
 12575 | D:7      | Noticed a rime drake
 12949 | D:7      | Noticed a rime drake
 12960 | D:7      | Noticed a rime drake
 13040 | D:8      | Reached XP level 9. HP: 67/67 MP: 7/16
 13040 | D:8      | Noticed Grum
 13041 | D:8      | Noticed Joseph
 13464 | D:8      | Killed Joseph
 13465 | D:8      | Reached skill level 5 in Armour
 13465 | D:8      | Reached skill level 10 in Air Magic
 13803 | D:8      | Killed Grum
 14879 | D:8      | Learned a level 4 spell: Iskenderun's Mystic Blast
 14897 | D:8      | Reached skill level 1 in Conjurations
 15517 | D:8      | Noticed Maggie
 15521 | D:8      | Killed Maggie
 15522 | D:8      | Reached skill level 1 in Translocations
 15522 | D:8      | Reached skill level 11 in Air Magic
 15788 | D:8      | Reached XP level 10. HP: 73/73 MP: 5/18
 17268 | D:9      | HP: 1/73 [centaur/arrow (11)]
 17268 | D:9      | Shot with an arrow by a centaur

Illustrated notes

Levels and vault maps discovered:
D:1:      minmay_arrival_jagged, layout_loops_cross,
          ebering_ecumenical_altar_rust
D:2:      layout_rooms, basic_altar, uniq_terence
D:3:      layout_basic
D:4:      layout_layer_cave, led_sif_book
D:5:      cheibrodos_quashed, layout_basic, okawaru_ov_weapons_minmay,
          serial_shops, kennysheep_mini_moat
D:6:      layout_loops_ring, gup_sewer_entry_pipe, minmay_misc_feat_hallway
D:7:      layout_basic, minmay_temple_entry_statues_pillars, serial_shops,
          nicolae_shop_window_shopping, hellmonk_guarded_unrand_zhor
D:8:      layout_cave_pools, uniq_grum, uniq_maggie, uniq_joseph
D:9:      layout_basic, mainiacjoe_overflow_surrounded_room,
          erik_lair_orcish_takeover, hangedman_decor_points

Skill      XL: |  1  2  3  4  5  6  7  8  9 10 |
---------------+-------------------------------+-----
Air Magic      | 3 4 5 6 7 9 11 | 11.3
Fighting       | 1 2 |  2.0
Spellcasting   | 2 3 4 |  4.2
Armour         | 1 2 4 6 |  6.0
Evocations     | 1 2 3 |  3.0
Conjurations   | 2 3 |  3.2
Translocations | 1 3 |  3.0
Dodging        | |  1.7
Stealth        | |  1.7

Action                   |  1- 3 |  4- 6 |  7- 9 | 10-12 || total
-------------------------+-------+-------+-------+-------++-------
Melee: Short sword       |     1 |     5 |       |       ||     6
       Dagger            |       |    13 |    29 |     2 ||    44
       Punch             |       |     1 |       |       ||     1
 Cast: Shock             |    79 |   145 |   147 |       ||   371
       Static Discharge  |       |     8 |    22 |    15 ||    45
       Airstrike         |       |       |    64 |    10 ||    74
  Use: Scroll            |     1 |     6 |     4 |       ||    11
       Potion            |       |       |       |     3 ||     3
 Stab: Sleeping          |       |       |     2 |       ||     2
Armor: Robe              |     7 |    12 |     3 |       ||    22
       Leather armour    |       |       |     5 |       ||     5
       Troll leather arm |       |       |    16 |     4 ||    20
Dodge: Dodged            |    15 |    26 |    59 |    18 ||   118
